 Dungeon Crawl Stone Soup version 0.28-a0-932-g843f935a50 (webtiles) character file.

Game seed: 5679391334814873772

825 ytrimaz the Skirmisher (level 7, -6/56 HPs)
             Began as a Demonspawn Fighter on Nov 28, 2021.
             Mangled by a gnoll (15 damage)
             ... on level 6 of the Dungeon.
             The game lasted 00:06:39 (5654 turns).

ytrimaz the Skirmisher (Demonspawn Fighter)         Turns: 5654, Time: 00:06:40

Health: -6/56      AC:  7    Str: 17    XL:     7   Next: 64%
Magic:  10/10      EV: 11    Int: 10    God:
Gold:   270        SH:  5    Dex: 13    Spells: 5/10 levels left

rFire   . . .      SeeInvis .   a - +1 war axe (chaos)
rCold   . . .      Faith    .   c - +0 buckler
rNeg    . . .      Spirit   .   s - +0 robe
rPois   .          Reflect  .   (helmet restricted)
rElec   .          Harm     .   (no cloak)
rCorr   .          Rampage  .   i - +0 pair of gloves
Will    .....                   (no boots)
Stlth   +.........              b - amulet of magic regeneration
HPRegen 0.18/turn               e - ring of wizardry
MPRegen 0.52/turn               p - +4 ring of protection

@: no status effects
A: horns 1, ignite blood 1, demonic magic 1
a: no special abilities


You were on level 6 of the Dungeon.
You visited 1 branch of the dungeon, and saw 6 of its levels.

You collected 270 gold pieces.

Inventory:

Hand Weapons
 a - a +1 war axe of chaos (weapon)
Armour
 c - a +0 buckler (worn)
 i - a +0 pair of gloves (worn)
 m - a +0 kite shield
 s - a +0 robe (worn)
Jewellery
 b - an amulet of magic regeneration (around neck)
 e - a ring of wizardry (left hand)
 n - a ring of willpower
 p - a +4 ring of protection (right hand)
 t - a ring of positive energy
Wands
 r - a wand of iceblast (4)
Scrolls
 f - 4 scrolls of teleportation
 q - a scroll of identify
 u - a scroll of amnesia {unknown}
Potions
 d - 2 potions of might
 g - a potion of curing {unknown}
 h - 3 potions of berserk rage
 j - a potion of invisibility
 k - a potion of resistance
 l - a potion of haste {unknown}
 o - a potion of degeneration {unknown}


   Skills:
 * Level 5.2 Fighting
 + Level 5.1 Axes
 - Level 3.4 Armour
 - Level 4.0 Shields
 * Level 2.1 Spellcasting
 * Level 1.4 Ice Magic


You had 5 spell levels left.
You knew the following spells:

 Your Spells              Type           Power      Damage    Failure   Level
a - Freeze                Ice            12%        1d4       7%          1
b - Hailstorm             Conj/Ice       2%         3d3       63%         4

Your spell library contained the following spells:

 Spells                   Type           Power      Damage    Failure   Level
 Frozen Ramparts          Ice            6%         1d2       21%         3


Dungeon Overview and Level Annotations

Branches:
Dungeon (6/15)
 Temple: D:4-7

Altars:
Gozag
Nemelex Xobeh
Xom
Zin

Shops:
D:3 [


Innate Abilities, Weirdness & Mutations

You have a pair of small horns on your head.
Your demonic aura sometimes causes spilled blood to erupt in flames.
Spells you cast may paralyse adjacent enemies.


Message History

The gnoll closely misses you.
A bullfrog skeleton comes into view.
You block the gnoll's attack. The gnoll hits you with a +0 halberd!
The gnoll shaman invokes the aid of its god against you.
You resist with some effort.
Unknown command.
You closely miss the gnoll.
You headbutt the gnoll, but do no damage.
You closely miss the gnoll shaman. You hit the gnoll but do no damage.
The gnoll seems to speed up.
You block the gnoll's attack. The gnoll hits you with a +0 halberd!
The gnoll shaman completely misses you. The gnoll hits you with a +0 spear.
The gnoll closely misses you.
You closely miss the gnoll. You headbutt the gnoll.
The gnoll is moderately wounded.
You hit the gnoll but do no damage.
The gnoll flickers and vanishes!
Deactivating autopickup; reactivate with Ctrl-A.
You slash the water moccasin skeleton!
The water moccasin skeleton resists with significant effort.
You barely miss the gnoll shaman. You barely miss the gnoll.
Something hits you!
You block the water moccasin skeleton's attack.
Something hits you!
The gnoll shaman calls down the wrath of its god upon you.
You resist with some effort. The gnoll misses you. x2
You hit the gnoll.
The gnoll is poisoned.
The gnoll is severely wounded.
You closely miss the gnoll. You closely miss the gnoll shaman.
You hit the water moccasin skeleton. You closely miss something.
Something hits you.
* * * LOW HITPOINT WARNING * * *
The water moccasin skeleton bites you but does no damage.
The gnoll shaman calls down the wrath of its god upon you.
You resist with some effort. Something hits you.
* * * LOW HITPOINT WARNING * * *
You block the gnoll's attack. x2
The water moccasin skeleton bites you but does no damage.
Unknown command.
Unknown command.
Something hits you!
You die...

###. ### #..
+..###.##############
##.............<.....
..............#######
#..........#
####..........#
#...@.........#
#...Z.{.......#
#...ggg.......#
#....Z........#
#.............#
#......########
.....#### #.....
#.....


You could see a gnoll shaman, 2 gnolls, a water moccasin skeleton and a bullfrog
skeleton.

Vanquished Creatures
  An ice beast (D:4)
  A necrophage (D:5)
  A phantom (D:4)
  A centaur (D:5)
  A scorpion (D:5)
  A centaur zombie (D:5)
  2 orc priests
  An iguana (D:5)
  A centaur skeleton (D:4)
  An orc wizard (D:4)
  5 gnolls
  7 adders
  A white imp (D:5)
  3 adder skeletons (D:4)
  2 worms
  19 orcs
  5 ball pythons
  7 endoplasms
  6 giant cockroaches
  8 hobgoblins
  6 jackals (D:1)
  10 quokkas
  10 bats
  4 frilled lizards
  6 goblins
  7 kobolds
  9 rats
126 creatures vanquished.

Vanquished Creatures (others)
  A plant (D:2)
1 creature vanquished.

Grand Total: 127 creatures vanquished

Notes
Turn   | Place    | Note
-------+----------+-------------------------------------------
     0 | D:1      | ytrimaz the Demonspawn Fighter began the quest for the Orb.
     0 | D:1      | Reached XP level 1. HP: 18/18 MP: 1/1
   221 | D:1      | Gained mutation: You have a pair of small horns on your
                  | head. [demonic ancestry]
   221 | D:1      | Reached XP level 2. HP: 15/24 MP: 2/2
   763 | D:1      | Reached XP level 3. HP: 29/29 MP: 3/3
   883 | D:1      | Found a faded altar of an unknown god.
  1588 | D:2      | Gained mutation: Your demonic aura sometimes causes spilled
                  | blood to erupt in flames. [demonic ancestry]
  1588 | D:2      | Reached XP level 4. HP: 35/37 MP: 4/4
  2377 | D:3      | Found a shimmering altar of Xom.
  2377 | D:3      | Noticed an angel
  2519 | D:3      | Found Xategitwin's Antique Armour Shop.
  2680 | D:3      | Gained mutation: Spells you cast may paralyse adjacent
                  | enemies. [demonic ancestry]
  2680 | D:3      | Reached XP level 5. HP: 29/42 MP: 5/5
  3613 | D:4      | Found an opulent altar of Gozag.
  3769 | D:4      | Noticed an ice beast
  3775 | D:4      | Killed an ice beast
  3776 | D:4      | Reached skill level 1 in Spellcasting
  3776 | D:4      | Reached XP level 6. HP: 37/49 MP: 7/7
  4073 | D:4      | Learned a level 1 spell: Freeze
  4649 | D:4      | Reached XP level 7. HP: 48/55 MP: 9/9
  4861 | D:5      | Entered Level 5 of the Dungeon
  5155 | D:5      | Found a sparkling altar of Nemelex Xobeh.
  5187 | D:5      | Reached skill level 1 in Ice Magic
  5189 | D:5      | Reached skill level 5 in Fighting
  5269 | D:5      | Reached skill level 5 in Axes
  5413 | D:5      | Learned a level 4 spell: Hailstorm
  5654 | D:6      | Mangled by a gnoll

Illustrated notes

Levels and vault maps discovered:
D:1:      sevenhm_arrival_forest_fort_small_5, layout_basic,
          dreamdust_ecumenical_altar_grove, nicolae_wormholes
D:2:      minmay_evil_eye, layout_loops_ring, serial_forest,
          infiniplex_forest_clump_small, infiniplex_forest_lined_ring,
          infiniplex_forest_clump_curved, infiniplex_forest_straight_4
D:3:      layout_loops_corners, grunt_temple_overflow_order_and_chaos_1,
          serial_shops, nicolae_shop_advertising_works
          [nicolae_subvault_shop_adworks], grunt_ministairs_2,
          kennysheep_generic_room_16
D:4:      layout_layer_cave, overflow_temple_1_default, minmay_misc_feat_rows,
          st_stairs_7, minivault_1
D:5:      layout_cave_pools, nemelex_xobeh_ov_fountains_minmay
D:6:      minmay_polygon_palace, layout_basic, dk_yredelemnul_ordeal

Skill      XL: |  1  2  3  4  5  6  7 |
---------------+----------------------+-----
Axes           | 2 3 4 5 |  5.1
Armour         | 3 |  3.4
Shields        | 3 4 |  4.0
Fighting       | 4 5 |  5.2
Spellcasting   | 1 2 |  2.1
Ice Magic      | 1 |  1.4

Action                   |  1- 3 |  4- 6 |  7- 9 || total
-------------------------+-------+-------+-------++-------
Melee: War axe           |    94 |   150 |    35 ||   279
       Headbutt          |     9 |    14 |     9 ||    32
 Cast: Freeze            |       |       |     6 ||     6
  Use: Scroll            |     7 |     1 |     1 ||     9
 Stab: Paralysed         |       |       |     4 ||     4
Armor: Scale mail        |    45 |    85 |       ||   130
       Robe              |       |       |    18 ||    18
Dodge: Dodged            |    40 |    78 |    26 ||   144
Block: Buckler           |    19 |    36 |    13 ||    68

Table legend: (Time is in decaauts)
 A = Elapsed time spent in this place.
 B = Non-inter-level travel time spent in this place.
 C = Inter-level travel time spent in this place.
 D = Time resting spent in this place.
 E = Time spent auto-exploring this place.
 F = Levels seen in this place.
 G = Mean time per level.
                   A        B        C        D        E       F      G
               +--------+--------+--------+--------+--------+-----+--------+
         Total |   5752 |   5625 |    127 |    104 |   4525 |   6 |  958.7 |
       Dungeon |   5752 |   5625 |    127 |    104 |   4525 |   6 |  958.7 |
               +--------+--------+--------+--------+--------+-----+--------+

Top non-repeatable levels by time:
     D:4: 1735 daAuts
     D:1: 1231 daAuts
     D:3: 1050 daAuts
     D:2: 933 daAuts
     D:5: 782 daAuts
     D:6: 18 daAuts
